 Dungeon Crawl Stone Soup version 0.24.0-123-gd5b16e6ec5 (webtiles) character file.

Game seed: 17105213869685871204, levelgen mode: deterministic

225 glosham the Twirler (level 5, 0/41 HPs)
             Began as a Mummy Abyssal Knight on Dec 26, 2019.
             Was a Believer of Lugonu.
             Killed by divine providence
             ... invoked by an orc priest
              (7 damage)
             ... on level 2 of the Dungeon.
             The game lasted 00:38:17 (1867 turns).

glosham the Twirler (Mummy Abyssal Knight)          Turns: 1867, Time: 00:38:17

Health: 0/41       AC: 11    Str: 15    XL:     5   Next: 68%
Magic:  0/6        EV:  6    Int: 12    God:    Lugonu [**....]
Gold:   143        SH:  0    Dex: 12    Spells: 4/4 levels left

rFire    x . .     SeeInvis .   c - +0 hunting sling (flame)
rCold    + . .     Gourm    .   (no shield)
rNeg     + + +     Faith    .   X - +0 chain mail
rPois    ∞         Spirit   +   U - +1 helmet
rElec    .         Reflect  .   (no cloak)
rCorr    +         Harm     .   (no gloves)
MR       .....                  W - +0 pair of boots
Stlth    ..........             z - amulet of guardian spirit
HPRegen  0.13/turn              A - ring of stealth
MPRegen  0.10/turn              S - ring of resist corrosion

@: no status effects
A: no food or potions, fire vulnerability, cold resistance 1, negative energy
resistance 3, torment resistance, unbreathing
a: Depart the Abyss, Bend Space, Renounce Religion


You were on level 2 of the Dungeon.
You worshipped Lugonu.
Lugonu was pleased with you.
You were not hungry.

You visited 1 branch of the dungeon, and saw 3 of its levels.
You visited the Abyss 1 time.

You collected 143 gold pieces.

Inventory:

Hand Weapons
 a - a +1 hand axe
 c - a +0 hunting sling of flaming (weapon)
 h - a +0 spear
 p - a +0 flail
 q - a +0 trident
 s - a +0 dagger of flaming
Missiles
 d - 71 stones
 e - 41 arrows
 f - 24 bolts
 j - 22 poisoned darts
 l - 7 sling bullets (quivered)
Armour
 i - a +0 leather armour
 n - a +0 ring mail
 t - a +0 robe
 U - a +1 helmet (worn)
 W - a +0 pair of boots (worn)
 X - a +0 chain mail (worn)
Magical Staves
 b - an uncursed staff of power {!a}
Jewellery
 z - an amulet of guardian spirit (around neck)
 A - a ring of stealth (left hand)
 S - a ring of resist corrosion (right hand)
Scrolls
 g - 2 scrolls of magic mapping
 k - 2 scrolls of teleportation
 m - a scroll of fog
 o - 2 scrolls of remove curse


   Skills:
 - Level 3.0 Fighting
 - Level 1.5 Axes
 * Level 4.6 Staves
 - Level 1.5 Armour
 - Level 0.7 Dodging
 - Level 1.5 Invocations


You had 4 spell levels left.
You didn't know any spells.
Your spell library was empty.

Dungeon Overview and Level Annotations

Branches:
Dungeon (3/15)

Altars:


Innate Abilities, Weirdness & Mutations

You do not eat or drink.
Your flesh is vulnerable to fire.
You are immune to poison.
Your flesh is cold resistant. (rC+)
You are immune to negative energy. (rN+++)
You are immune to unholy pain and torment.
You can survive without breathing.


Message History

The sling bullet barely misses the orc priest.
Firing (i - inventory. (/) - cycle)
l - 13 sling bullets (quivered)
Press: ? - help, Shift-Dir - straight line, f/p - orc priest
Aim: an orc priest, wielding a +0 war axe (moderately wounded)
You shoot a sling bullet.
The sling bullet completely misses the orc priest.
Firing (i - inventory. (/) - cycle)
l - 12 sling bullets (quivered)
Press: ? - help, Shift-Dir - straight line, f/p - orc priest
Aim: an orc priest, wielding a +0 war axe (moderately wounded)
You shoot a sling bullet.
The sling bullet hits the orc priest but does no damage.
The orc priest is moderately wounded.
Firing (i - inventory. (/) - cycle)
l - 11 sling bullets (quivered)
Press: ? - help, Shift-Dir - straight line, f/p - orc priest
Aim: an orc priest, wielding a +0 war axe (moderately wounded)
You shoot a sling bullet.
The sling bullet barely misses the orc priest.
The orc priest hits you but does no damage.
Firing (i - inventory. (/) - cycle)
l - 10 sling bullets (quivered)
Press: ? - help, Shift-Dir - straight line, f/p - orc priest
Aim: an orc priest, wielding a +0 war axe (moderately wounded)
You shoot a sling bullet.
The sling bullet hits the orc priest but does no damage.
The orc priest is moderately wounded.
The orc priest closely misses you.
Firing (i - inventory. (/) - cycle)
l - 9 sling bullets (quivered)
Press: ? - help, Shift-Dir - straight line, f/p - orc priest
Aim: an orc priest, wielding a +0 war axe (moderately wounded)
You shoot a sling bullet.
The sling bullet closely misses the orc priest.
The orc priest hits you with a +0 war axe.
* * * LOW HITPOINT WARNING * * *
Firing (i - inventory. (/) - cycle)
l - 8 sling bullets (quivered)
Press: ? - help, Shift-Dir - straight line, f/p - orc priest
Aim: an orc priest, wielding a +0 war axe (moderately wounded)
You shoot a sling bullet.
The sling bullet closely misses the orc priest.
The orc priest mumbles some strange prayers to Beogh against you.
Beogh smites you!
You die...

.................#.#.#...........
.....................#.###.......
###..#...#(......#.###.# #.......
...........(.....#.##..# ##......
##.#.....#..(.......#..# #......
##.#.............#..#..####......
##.#.....#.......................
##.#.....#.....o..........##.....
##.#............@................
.......................##.##.....
##.#......<......................
##.#.#...#...#...#.##..##.###.##.
##.#...............##..##......).
##.#.#.................##..##.##.
##.#.#..##.%...............##.##.
##.............................##
####.#..##.###........#..........


You could see an orc priest.

Vanquished Creatures
  A howler monkey (D:3)
  An orc wizard (D:1)
  Jessica (D:2)
  A gnoll (D:1)
  4 adders
  An ooze (D:1)
  A worm (D:2)
  2 dart slugs
  2 leopard geckos
  10 orcs
  A ball python (D:3)
  3 giant cockroaches
  10 hobgoblins
  6 kobolds (D:1)
  8 bats
  5 frilled lizards
  4 goblins
  A leopard gecko skeleton (D:3)
  4 rats
66 creatures vanquished.

Notes
Turn   | Place    | Note
-------+----------+-------------------------------------------
     0 | Abyss:1  | glosham the Mummy Abyssal Knight began the quest for the
                  | Orb.
     0 | Abyss:1  | Reached XP level 1. HP: 18/18 MP: 2/2
    13 | Abyss:2  | Found a corrupted altar of Lugonu.
    47 | Abyss:2  | Found a corrupted altar of Lugonu.
    49 | Abyss:2  | Noticed a thrashing horror
    59 | Abyss:2  | Noticed a ynoxinul
    64 | D:1      | Escaped the Abyss
   368 | D:1      | Reached skill level 1 in Staves
   416 | D:1      | Reached XP level 2. HP: 24/24 MP: 3/3
   417 | D:1      | Reached * piety under Lugonu
   462 | D:1      | Reached skill level 2 in Staves
   496 | D:1      | Reached XP level 3. HP: 27/29 MP: 4/4
  1284 | D:2      | Noticed Jessica
  1300 | D:2      | Killed Jessica
  1300 | D:2      | Reached skill level 3 in Staves
  1300 | D:2      | Reached XP level 4. HP: 33/35 MP: 5/5
  1420 | D:3      | Reached XP level 5. HP: 19/41 MP: 6/6
  1460 | D:3      | Reached skill level 4 in Staves
  1464 | D:3      | Reached ** piety under Lugonu
  1867 | D:2      | Killed from afar by an orc priest

Levels and vault maps discovered:
D:1:      matt_arrival_refuge, layout_loops_ring, serial_park_tiny_pond,
          minmay_curled_crystal
D:2:      layout_basic, uniq_jessica
D:3:      minmay_recursive_quarters, layout_rooms, first_ration

Skill      XL: |  1  2  3  4  5 |
---------------+----------------+-----
Staves         | 1 2 3 4 |  4.6
Fighting       | |  3.0
Axes           | |  1.5
Armour         | |  1.5
Dodging        | |  0.7
Invocations    | |  1.5

Action                   |  1- 3 |  4- 6 || total
-------------------------+-------+-------++-------
Melee: Hand axe          |    73 |    75 ||   148
 Fire: Hunting sling     |    31 |    78 ||   109
Throw: Dart              |     4 |       ||     4
Invok: Depart the Abyss  |     1 |       ||     1
  Use: Scroll            |     7 |     1 ||     8
 Stab: Sleeping          |     2 |       ||     2
Armor: Leather armour    |    11 |       ||    11
       Chain mail        |    12 |    85 ||    97
Dodge: Dodged            |    40 |    38 ||    78

Table legend:
 A = Turns spent in this place as a percentage of turns spent in the entire game.
 B = Non-inter-level travel turns spent in this place as a percentage of non-inter-level travel turns spent in the entire game.
 C = Inter-level travel turns spent in this place as a percentage of turns spent in this place.
 D = Turns resting spent in this place as a percentage of non-inter-level travel turns spent in this place.
 E = Turns spent auto-exploring this place as a percentage of non-inter-level travel turns spent in this place.
 F = Non-inter-level travel turns spent in this place divided by the number of levels of this place that you've seen.
                   A       B       C       D       E      F
               +-------+-------+-------+-------+-------+----------------------
         Total | 100.0 | 100.0 |   3.3 |   0.0 |   0.0 | 361.2
       Dungeon |  96.6 |  96.5 |   3.4 |   0.0 |   0.0 | 580.7
         Abyss |   3.4 |   3.5 |   0.0 |   0.0 |   0.0 |  32.0
               +-------+-------+-------+-------+-------+----------------------

Table legend:
 A = Kills in this place as a percentage of kills in entire the game.
 B = Kills by you in this place as a percentage of kills by you in the entire game.
 C = Kills by friends in this place as a percentage of kills by friends in the entire game.
 D = Other kills in this place as a percentage of other kills in the entire game.
 E = Experience gained in this place as a percentage of experience gained in the entire game.
 F = Experience gained in this place divided by the number of levels of this place that you have seen.
                   A       B       C       D       E      F
               +-------+-------+-------+-------+-------+----------------------
         Total | 100.0 | 100.0 |   N/A |   N/A | 100.0 |  64.4
       Dungeon | 100.0 | 100.0 |   N/A |   N/A | 100.0 | 107.3
               +-------+-------+-------+-------+-------+----------------------

Levels and vault maps discovered:
D:1:      matt_arrival_refuge, layout_loops_ring, serial_park_tiny_pond,
          minmay_curled_crystal
D:2:      layout_basic, uniq_jessica
D:3:      minmay_recursive_quarters, layout_rooms, first_ration
